 Dungeon Crawl Stone Soup version 0.29.1-12-g30fa7ad0bf (webtiles) character file.

Game seed: 10971087364300165185

10 hawla the Chiller (level 2, -7/20 HPs)
             Began as a Meteoran Ice Elementalist on Jan 1, 2023.
             Mangled by Blork the orc
             ... wielding a +0 scimitar
              (11 damage)
             ... on level 4 of the Dungeon.
             The game lasted 00:01:33 (251 turns).

hawla the Chiller (Meteoran Ice Elementalist)        Turns: 251, Time: 00:01:33

Health: -7/20      AC:  2    Str:  9    XL:     2   Next: 47%
Magic:  0/6        EV: 12    Int: 16    God:
Gold:   39         SH:  0    Dex: 14    Spells: 5/6 levels left

rFire   . . .      SeeInvis .   (no weapon)
rCold   . . .      Faith    .   (no shield)
rNeg    . . .      Spirit   .   a - +0 robe
rPois   .          Reflect  .   (no helmet)
rElec   .          Harm     .   (no cloak)
rCorr   .          Rampage  .   (no gloves)
Will    .....                   (no boots)
Stlth   +.........              (no amulet)
HPRegen 0.06/turn               (no ring)
MPRegen 0.10/turn               (no ring)

@: very slightly contaminated, glowing
A: sense surroundings 1, otherworldly, glowing, explore regen
a: no special abilities


You were on level 4 of the Dungeon.
You visited 1 branch of the dungeon, and saw 4 of its levels.

You collected 39 gold pieces.

Inventory:

Armour
 a - a +0 robe (worn)
Potions
 b - a potion of magic


   Skills:
 + Level 2.5 Dodging
 - Level 1.4 Stealth
 + Level 2.8 Spellcasting
 + Level 4.9 Ice Magic


You had 5 spell levels left.
You knew the following spells:

 Your Spells              Type           Power      Damage    Failure   Level
a - Freeze                Ice            68%        1d8       2%          1

Your spell library contained the following spells:

 Spells                   Type           Power      Damage    Failure   Level
 Frozen Ramparts          Ice            34%        1d6       8%          3
 Ozocubu's Armour         Ice            17%        N/A       8%          3
 Hailstorm                Conj/Ice       10%        3d5       56%         4


Dungeon Overview and Level Annotations

Branches:
Dungeon (4/15) Zot: 2148
 Temple: D:4-7

Altars:

Annotations:
D:4 Blork the orc


Innate Abilities, Weirdness & Mutations

You passively map a small area around you.
You are easily found by Zot.
You glow in the dark.
You regain HP and MP as you explore.


Message History

It was a potion of curing.
You feel better. Blork the orc casts a spell at you. The magic dart hits you!
* * * LOW HITPOINT WARNING * * *
Casting: Freeze (safe; 2% risk of failure)
Confirm with . or Enter, or press ? or * to list all spells.
Aiming: Freeze (safe; 2% risk of failure)
Press: ? - help, Shift-Dir - straight line, f/p - Blork the orc
Aim: Blork the orc, wielding a +0 scimitar and wearing a +0 robe (moderately wounded)
You freeze Blork the orc!
Blork the orc is heavily wounded.
Blork the orc closely misses you.
Casting: Freeze (safe; 2% risk of failure)
Confirm with . or Enter, or press ? or * to list all spells.
Aiming: Freeze (safe; 2% risk of failure)
Press: ? - help, Shift-Dir - straight line, f/p - Blork the orc
Aim: Blork the orc, wielding a +0 scimitar and wearing a +0 robe (heavily wounded)
You freeze Blork the orc.
Blork the orc is severely wounded.
Blork the orc casts a cantrip, but nothing happens.
Casting: Freeze (safe; 2% risk of failure)
Confirm with . or Enter, or press ? or * to list all spells.
Aiming: Freeze (safe; 2% risk of failure)
Press: ? - help, Shift-Dir - straight line, f/p - Blork the orc
Aim: Blork the orc, wielding a +0 scimitar and wearing a +0 robe (severely wounded)
You freeze Blork the orc.
Blork the orc is almost dead.
Blork the orc casts a spell.
Blork the orc seems to speed up.
Casting: Freeze (safe; 2% risk of failure)
Confirm with . or Enter, or press ? or * to list all spells.
Aiming: Freeze (safe; 2% risk of failure)
Press: ? - help, Shift-Dir - straight line, f/p - Blork the orc
Aim: Blork the orc, wielding a +0 scimitar and wearing a +0 robe (almost dead, fast)
You miscast Freeze.
You are very lightly contaminated with residual magic.
Nothing appears to happen.
Blork the orc hits you with a +0 scimitar!
Ouch! That really hurt!
You die...

* *#....###.##* ,, *
#.##).....#
#.#####.##......#
#>..............###### *
####.##.................
............#.....######
* * ,...####.....###..##
#...)#.....# #..# , , ,
#....o@..### #..#######
, , ##.........#
#......... * *
............# #.########
# ,,...#...####.# #.#
###.###..#### .# #.#
...#....# *.# #.#
**#.#.#.# #.#
#####.....# ##.# #.#
..........# #..# #>#


You could see Blork the orc (fast).

Vanquished Creatures
  An orc (D:4)
  2 endoplasms
  2 goblins
  A hobgoblin (D:1)
  A ball python (D:4)
  A frilled lizard (D:3)
8 creatures vanquished.

Notes
Turn   | Place    | Note
-------+----------+-------------------------------------------
     0 | D:1      | hawla the Meteoran Ice Elementalist began the quest for the
                  | Orb.
     0 | D:1      | Reached XP level 1. HP: 14/14 MP: 5/5
   127 | D:3      | Reached XP level 2. HP: 20/20 MP: 2/6
   242 | D:4      | Noticed Blork the orc
   251 | D:4      | Mangled by Blork the orc

Illustrated notes

Levels and vault maps discovered:
D:1:      dpeg_arrival_central, layout_basic, basic_ecumenical_altar
D:2:      layout_loops_ring
D:3:      layout_basic
D:4:      layout_loops_ring, nicolae_shop_vocational, uniq_blork_the_orc

Action                   || total
-------------------------++-------
Melee: Unarmed           ||     1
 Cast: Freeze            ||    15
  Use: Scroll            ||     2
       Potion            ||     1
Armor: Robe              ||     2
Dodge: Dodged            ||     6
